 Dungeon Crawl Stone Soup version 0.18.1-6-gd335043 (webtiles) character file.

161531 Moloch the Executioner (level 17, -18/196 HPs)
             Began as a Demonspawn Berserker on May 17, 2016.
             Was the Champion of Trog.
             Killed from afar by a thorn hunter (23 damage)
             ... with a volley of thorns
             ... on level 4 of the Swamp.
             The game lasted 01:02:12 (27646 turns).

Moloch the Executioner (Demonspawn Berserker)      Turns: 27646, Time: 01:02:12

Health: -18/196    AC: 23    Str: 30 (32) XL:     17   Next: 20%
Magic:  26/26      EV: 16    Int:  5      God:    Trog [******]
Gold:   1957       SH:  0    Dex: 19      Spells: 0 memorised, 16 levels left

rFire  + + .     SeeInvis +     a - +10 battleaxe of Buicisch {flame, *Drain +Fly rN+}
rCold  + + +     Gourm    .     S - +3 chain mail "Aguutill" {rC+}
rNeg   + . .     Faith    .     (shield currently unavailable)
rPois  +         Spirit   .     (helmet unavailable)
rElec  .         Dismiss  .     E - +0 cloak
rCorr  .         Reflect  .     e - +0 pair of gloves
SustAt .         Harm     .     g - +1 pair of boots "Kess" {rPois rF+ MP+9}
MR     +....                    z - amulet of regeneration
Stlth  ..........               T - +5 ring of dexterity
                                J - ring of the Seven Ghosts {+Fly rC++}

@: berserking, very quick, somewhat resistant to hostile enchantments, extremely
unstealthy
A: antennae 3, yellow scales 2, deterioration 1, dopey 2, fire resistance 1,
nightstalker 3, powered by death 2, screaming 1, strong 2, sturdy frame 1
a: Berserk, Trog's Hand, Brothers in Arms, Burn Spellbooks, Renounce Religion,
Evoke Flight


You were on level 4 of the Swamp.
You worshipped Trog.
Trog was exalted by your worship.
You were not hungry.

You visited 5 branches of the dungeon, and saw 31 of its levels.

You collected 2802 gold pieces.
You spent 845 gold pieces at shops.

Inventory:

Hand Weapons
 a - the +10 battleaxe of Buicisch (weapon) {flame, *Drain +Fly rN+}
   (Trog gifted it to you on level 2 of the Orcish Mines)

   It has been specially enchanted to burn those struck by it, causing extra
   injury to most foes and up to half again as much damage against particularly
   susceptible opponents.
   Big, fiery blades are also staple armaments of hydra-hunters.
   It protects you from negative energy.
   It lets you fly.
   It causes draining when unequipped.
 r - a +4 antimagic executioner's axe
 O - a +2 executioner's axe of freezing
 Q - the +13 battleaxe of False Accusations {chop, +Rage rElec rF+++ MP-9}
   (Trog gifted it to you on level 2 of the Swamp)

   It inflicts extra damage upon your enemies.
   It renders you almost immune to fire.
   It insulates you from electricity.
   It affects your magic capacity (-9).
   It lets you go berserk.
Missiles
 x - 3 throwing nets (quivered)
Armour
 e - a +0 pair of gloves (worn)
 g - the +1 pair of boots "Kess" (worn) {rPois rF+ MP+9}
   (You found it on level 9 of the Dungeon)

   It protects you from fire.
   It protects you from poison.
   It affects your magic capacity (+9).
 E - a +0 cloak (worn)
 S - the +3 chain mail "Aguutill" (worn) {rC+}
   (You found it on level 11 of the Dungeon)

   It protects you from cold.
Jewellery
 z - an amulet of regeneration (around neck)
 C - an uncursed ring of protection from fire
 J - the ring of the Seven Ghosts (left hand) {+Fly rC++}
   (You found it on level 14 of the Dungeon)

   [ring of flight]

   It greatly protects you from cold.
   It lets you fly.
 T - a +5 ring of dexterity (right hand)
 X - an uncursed ring of protection from magic
Wands
 f - a wand of heal wounds (6/9)
 i - a wand of digging (11/24)
 B - a wand of paralysis (10/24)
 I - a wand of disintegration (10/24)
 L - a wand of hasting (9/9)
 P - a wand of lightning (8/15)
 Y - a wand of lightning (6/15)
Scrolls
 d - 5 scrolls of magic mapping
 j - 5 scrolls of enchant armour
 m - 10 scrolls of remove curse
 n - 7 scrolls of teleportation
 o - 3 scrolls of blinking
 y - 9 scrolls of enchant weapon
 D - 4 scrolls of recharging
 K - 3 scrolls of fear
 U - a scroll of torment
 V - 2 scrolls of identify
Potions
 b - 8 potions of flight
 h - 3 potions of berserk rage
 l - 5 potions of magic
 p - 5 potions of heal wounds
 q - 3 potions of invisibility
 u - 2 potions of brilliance
 v - 9 potions of curing
 w - 3 potions of agility
 A - 2 potions of resistance
 F - a potion of ambrosia
 H - a potion of mutation
 M - a potion of cancellation
 R - 4 potions of might
 Z - 3 potions of haste
Miscellaneous
 s - a phantom mirror
Comestibles
 c - 19 bread rations
 k - 10 meat rations
 t - 18 fruits
 N - 8 beef jerkies


   Skills:
 + Level 11.5 Fighting
 + Level 21.8 Axes
 * Level 10.8 Armour
 * Level 8.6 Dodging


You had 16 spell levels left.
You didn't know any spells.

Dungeon Overview and Level Annotations

Branches:
Dungeon (15/15)            Temple (0/1) D:5            Lair (8/8) D:11
  Swamp (4/4) Lair:5        Snake (0/4) Lair:6        Slime (0/6) Lair:7
    Orc (2/2) D:10            Elf (0/3) Orc:2        Vaults (0/5) D:13
 Depths (2/5) D:15

Altars:
Cheibriados
Dithmenos
Gozag
Trog
Xom
The Shining One
Beogh

Shops:
D:11 :   Orc:2 ?*=?

Portals:
Hell: Depths:1
Pandemonium: Depths:1

Annotations:
Lair:7 exclusion: 4 oklob plants
Depths:2 Zebura's ghost, adept OgBe


Innate Abilities, Weirdness & Mutations

You have a pair of large antennae on your head (SInv).
You are mostly covered in yellow scales (AC +3).
Your flesh is heat resistant.
You are completely attuned to the shadows.
You regenerate health from kills.
Your body sometimes deteriorates upon taking damage.
You are very dopey. (Int -4)
You occasionally shout uncontrollably at your foes.
Your muscles are very strong. (Str +4)
Your movements are slightly less encumbered by armour (ER -2).


Message History

You slice the swamp worm!! You burn the swamp worm.
The swamp worm is severely wounded.
The thorn hunter fires a volley of thorns at you.
The volley of thorns misses you.
You shout at the insubstantial wisp!
An insubstantial wisp comes into view.
Unknown command.
You slash the thorn hunter! You burn the thorn hunter.
The thorn hunter is heavily damaged.
You slash the swamp worm! You burn the swamp worm.
You kill the swamp worm!
Trog accepts your kill.
You hear a chilling moan. x2
The briar patch crumbles away.
The insubstantial wisp blinks!
Unknown command.
You slash the thorn hunter! You burn the thorn hunter.
The thorn hunter is severely damaged.
The thorn hunter fires a volley of thorns at you.
The volley of thorns hits you!
You die...

v.♣§ ≈§.≈ { {
≈≈≈. ♣♣
{{.§≈f♣♣.≈♣ {
{vPP≈@♣.≈.
{..P...≈...
{{.≈....≈≈≈
♣♣≈.≈≈≈≈≈ {{
♣♣≈.♣♣♣♣♣♣ {
♣≈≈≈≈♣ ♣♣♣♣
♣♣≈≈≈♣♣≈≈≈≈
♣♣≈.♣♣.≈≈≈≈
♣♣♣♣♣.....♣≈≈)≈


You could see a thorn hunter and 2 insubstantial wisps.

Vanquished Creatures
  The ghost of Vasya666 the Brawler, an adept DrTm of the Shining One (Swamp:1)
  Frances (Swamp:2)
  A thorn hunter (Swamp:2)
  An orc warlord (Orc:2)
  A stone giant (Depths:1)
  6 very ugly things (Depths:1)
  A vampire knight (Depths:1)
  3 spark wasps (Depths:1)
  An ettin (D:15)
  A fire dragon (D:15)
  The ghost of striepan the Carver, a journeyman MiGl of Okawaru (D:12)
  Erica (D:8)
  A catoblepas (Lair:4)
  The ghost of herpmino the Cruncher, a journeyman HuIE of Ru (D:13)
  A ghost crab (Swamp:3)
  3 death knights
  4 centaur warriors
  An ogre mage (D:15)
  5 alligators
  9 death yaks
  13 hydras
  6 tengu warriors
  3 deep troll shamans (Depths:1)
  A deep elf knight (D:15)
  Nergalle (D:10)
  4 orc high priests (Orc:2)
  6 skeletal warriors
  An iron troll (Depths:1)
  3 deep trolls
  2 unseen horrors
  A swamp dragon (Swamp:4)
  A flayed ghost (D:14)
  Pikel (D:9)
  7 hill giants
  5 orc knights
  2 shambling mangroves
  An orb spider (shapeshifter) (D:13)
  A hornet (Swamp:1)
  13 ugly things
  2 wizards
  An oklob plant (Lair:4)
  6 orc sorcerers
  2 manticores
  4 griffons
  2 cyclopes
  A hornet (shapeshifter) (D:15)
  5 black mambas
  6 torpor snails
  22 spiny frogs
  4 gargoyles
  11 yaktaurs
  2 efreet (D:15)
  7 kobold demonologists
  10 komodo dragons
  3 freezing wraiths
  4 spriggan druids
  6 rime drakes
  A jumping spider (shapeshifter) (D:14)
  6 giant leeches
  A red devil (Depths:1)
  13 polar bears
  A tengu conjurer (D:15)
  7 two-headed ogres
  2 wolf spider simulacra (D:15)
  5 trolls
  15 blink frogs
  A harpy skeleton (D:15)
  A hornet zombie (D:14)
  2 boulder beetles
  10 slime creatures
  5 bog bodies
  2 centaur simulacra (D:15)
  3 redbacks (Lair:8)
  5 shadows
  58 yaks
  13 spriggans
  6 wraiths
  4 basilisks
  A wyvern (D:14)
  10 hippogriffs
  A hungry ghost (D:14)
  15 vampire mosquitoes
  16 swamp worms
  3 wargs
  4 insubstantial wisps (Swamp:4)
  10 water moccasins
  A naga (Lair:6)
  2 soldier ants
  11 porcupines
  6 ice beasts
  4 slaves (D:9)
  3 swamp drakes
  6 sky beasts
  2 necrophages
  41 orc warriors
  A black bear (shapeshifter) (D:15)
  2 phantoms
  9 wasps
  6 black bears
  16 ogres
  2 eyes of draining
  18 centaurs
  22 wolves
  14 crocodiles
  25 giant frogs
  14 big kobolds
  3 gnoll sergeants (D:10)
  2 wyvern skeletons (D:13)
  A wyvern zombie (D:11)
  3 scorpions
  10 wights
  3 howler monkeys
  2 electric eels
  11 crimson imps
  4 centaur zombies
  3 giant frog zombies
  A jelly (D:12)
  26 orc priests
  17 orc wizards
  10 hounds
  A giant frog skeleton (D:11)
  5 centaur skeletons
  9 iguanas
  11 worker ants
  20 sheep
  A hound zombie (D:6)
  A howler monkey zombie (D:7)
  4 worker ant zombies
  14 adders
  21 gnolls
  38 river rats
  7 shadow imps
  2 white imps (D:15)
  An ufetubus (D:15)
  3 oozes
  An adder skeleton (D:5)
  12 worms
  2 dart slugs
  5 giant geckos
  100 orcs
  11 bats
  9 giant cockroaches
  4 goblins
  7 hobgoblins
  10 jackals
  3 quokkas
  3 ball pythons
  A ball python zombie (D:5)
  A giant cockroach zombie (D:5)
  A giant gecko zombie (D:6)
  7 giant newts
  22 kobolds
  4 rats
  4 briar patches (Swamp:4)
  A bush (Lair:4)
  12 fungi
  7 plants
1101 creatures vanquished.

Vanquished Creatures (collateral kills)
  A spiny frog (Lair:8)
  A troll (D:9)
  A yak (Lair:8)
  2 swamp worms (D:8)
  A worm (D:8)
6 creatures vanquished.

Vanquished Creatures (others)
  Kirke (Lair:7)
  A spark wasp (Depths:1)
  A spriggan (Lair:8)
  3 hogs (Lair:7)
  A yak (D:9)
  A human (Lair:7)
  A swamp drake (Swamp:4)
  A crocodile (Lair:8)
  A giant frog skeleton (D:7)
  A hound (D:9)
  A worker ant (D:9)
  3 orcs (D:11)
  16 fungi
  3 plants
35 creatures vanquished.

Grand Total: 1142 creatures vanquished

Notes
Turn   | Place    | Note
--------------------------------------------------------------
     0 | D:1      | Moloch the Demonspawn Berserker began the quest for the Orb.
     0 | D:1      | Reached XP level 1. HP: 18/18 MP: 1/1
    55 | D:1      | Reached skill level 3 in Axes
   116 | D:1      | Gained mutation: You regenerate a little health from kills. [demonic ancestry]
   116 | D:1      | Reached XP level 2. HP: 24/24 MP: 2/2
   667 | D:1      | Reached ** piety under Trog
   789 | D:1      | Gained mutation: You are slightly more attuned to the shadows. [demonic ancestry]
   789 | D:1      | Reached XP level 3. HP: 29/29 MP: 3/3
   907 | D:2      | Reached skill level 4 in Axes
   926 | D:2      | Found a shadowy altar of Dithmenos.
  1032 | D:2      | Gained mutation: You regenerate health from kills. [demonic ancestry]
  1032 | D:2      | Reached XP level 4. HP: 17/35 MP: 4/4
  1443 | D:2      | Reached skill level 5 in Axes
  1607 | D:3      | Reached XP level 5. HP: 41/41 MP: 5/5
  1779 | D:3      | Reached *** piety under Trog
  1969 | D:3      | Found a snail-covered altar of Cheibriados.
  1969 | D:3      | Found an opulent altar of Gozag.
  2303 | D:4      | Reached skill level 6 in Axes
  2331 | D:4      | Gained mutation: You are partially covered in yellow scales (AC +2). [demonic ancestry]
  2331 | D:4      | Reached XP level 6. HP: 47/47 MP: 6/6
  2976 | D:5      | Entered Level 5 of the Dungeon
  3029 | D:5      | Noticed a sky beast
  3057 | D:5      | Killed a sky beast
  3061 | D:5      | Reached skill level 7 in Axes
  3069 | D:5      | Gained mutation: You possess an exceptional clarity of mind. [mutagenic meat]
  3070 | D:5      | Gained mutation: Your spells are a little harder to cast, but a little more powerful. [mutagenic meat]
  3071 | D:5      | Gained mutation: Your muscles are strong. (Str +2) [mutagenic meat]
  3072 | D:5      | Gained mutation: You can translocate small distances at will. [mutagenic meat]
  3073 | D:5      | Gained mutation: Your body sometimes deteriorates upon taking damage. [mutagenic meat]
  3126 | D:5      | Reached XP level 7. HP: 35/52 MP: 7/7
  3187 | D:5      | Reached **** piety under Trog
  3198 | D:5      | Found a staircase to the Ecumenical Temple.
  3226 | D:5      | Reached skill level 8 in Axes
  4091 | D:6      | Found a bloodstained altar of Trog.
  4219 | D:6      | Reached skill level 9 in Axes
  4219 | D:6      | Gained mutation: Your flesh is heat resistant. [demonic ancestry]
  4219 | D:6      | Reached XP level 8. HP: 58/58 MP: 8/8
  4230 | D:6      | Gained mutation: You are resistant to hostile enchantments. [mutagenic meat]
  4231 | D:6      | Gained mutation: You are clumsy. (Dex -2) [mutagenic meat]
  4232 | D:6      | Lost mutation: You can translocate small distances at will. [mutagenic meat]
  4233 | D:6      | Gained mutation: Scrolls take you a little longer to read. [mutagenic meat]
  5032 | D:7      | Reached skill level 10 in Axes
  5418 | D:7      | Reached skill level 11 in Axes
  5418 | D:7      | Gained mutation: You are significantly more attuned to the shadows. [demonic ancestry]
  5418 | D:7      | Reached XP level 9. HP: 50/63 MP: 9/9
  5917 | D:8      | Noticed Erica
  5933 | D:8      | Killed Erica
  5933 | D:8      | Reached skill level 12 in Axes
  6452 | D:8      | Reached skill level 13 in Axes
  6454 | D:8      | HP: 4/94 [swamp worm (4)]
  6461 | D:8      | Gained mutation: You have a pair of small antennae on your head. [demonic ancestry]
  6461 | D:8      | Reached XP level 10. HP: 9/70 MP: 10/10
  6914 | D:8      | Noticed a six-headed hydra
  6922 | D:8      | Killed a three-headed hydra
  7145 | D:9      | Reached skill level 14 in Axes
  7151 | D:9      | Noticed Pikel
  7171 | D:9      | Killed Pikel
  7294 | D:9      | Lost mutation: Scrolls take you a little longer to read. [mutagenic meat]
  7295 | D:9      | Gained mutation: Your system is resistant to poisons. [mutagenic meat]
  7296 | D:9      | Gained mutation: You expend magic power (3 MP) to strengthen your wands. [mutagenic meat]
  7392 | D:9      | Found a shimmering altar of Xom.
  7894 | D:9      | Got a pair of steaming boots
  7905 | D:9      | Identified the +1 pair of boots "Kess" {rPois rF+ MP+9} (You found it on level 9 of the Dungeon)
  8063 | D:10     | Entered Level 10 of the Dungeon
  8097 | D:10     | Reached ***** piety under Trog
  8158 | D:10     | Noticed Nergalle
  8174 | D:10     | Killed Nergalle
  8240 | D:10     | Found a glowing golden altar of the Shining One.
  8310 | D:10     | Reached skill level 15 in Axes
  8310 | D:10     | Gained mutation: You have a pair of antennae on your head. [demonic ancestry]
  8310 | D:10     | Reached XP level 11. HP: 75/75 MP: 11/11
  8644 | D:10     | Found a staircase to the Orcish Mines.
  9088 | Orc:1    | Entered Level 1 of the Orcish Mines
  9258 | Orc:2    | Entered Level 2 of the Orcish Mines
  9393 | Orc:2    | Received a gift from Trog
  9399 | Orc:2    | Got an ancient battleaxe {god gift}
  9400 | Orc:2    | Identified the +10 battleaxe of Buicisch {flame, *Drain +Fly rN+} (Trog gifted it to you on level 2 of the Orcish Mines)
  9573 | Orc:2    | Noticed an orc knight
  9580 | Orc:2    | Killed an orc knight
  9654 | Orc:2    | Reached skill level 16 in Axes
  9900 | Orc:1    | Noticed an orc sorcerer
  9903 | Orc:1    | Killed an orc sorcerer
 10055 | Orc:2    | Received a gift from Trog
 10083 | Orc:2    | Found a roughly hewn altar of Beogh.
 10125 | Orc:2    | Noticed an orc knight
 10125 | Orc:2    | Noticed an orc sorcerer
 10128 | Orc:2    | Noticed a sun demon
 10133 | Orc:2    | Killed an orc knight
 10135 | Orc:2    | Killed an orc sorcerer
 10214 | Orc:2    | Noticed an orc knight
 10215 | Orc:2    | Found Biunav's Magic Scroll Boutique.
 10215 | Orc:2    | Noticed an orc sorcerer
 10217 | Orc:2    | Killed an orc sorcerer
 10223 | Orc:2    | Killed an orc knight
 10229 | Orc:2    | Bought a scroll of blinking for 97 gold pieces
 10229 | Orc:2    | Bought a scroll of enchant armour for 97 gold pieces
 10229 | Orc:2    | Bought a scroll of enchant weapon for 97 gold pieces
 10229 | Orc:2    | Bought a scroll of enchant armour for 97 gold pieces
 10267 | Orc:2    | Found Ucseente's Jewellery Shop.
 10267 | Orc:2    | Noticed an orc knight
 10277 | Orc:2    | Killed an orc knight
 10277 | Orc:2    | Reached XP level 12. HP: 83/83 MP: 12/12
 10285 | Orc:2    | Bought an uncursed amulet of regeneration for 360 gold pieces
 10473 | Orc:2    | Reached skill level 17 in Axes
 10484 | Orc:2    | Found a roughly hewn altar of Beogh.
 10484 | Orc:2    | Noticed an orc warlord
 10495 | Orc:2    | Killed an orc warlord
 10557 | Orc:2    | Noticed an orc high priest
 10567 | Orc:2    | Killed an orc high priest
 10625 | Orc:2    | Noticed an orc high priest
 10634 | Orc:2    | Killed an orc high priest
 10678 | Orc:2    | Found Zacag's Magic Scroll Emporium.
 10678 | Orc:2    | Noticed an orc high priest
 10693 | Orc:2    | Killed an orc high priest
 10693 | Orc:2    | Reached skill level 5 in Fighting
 10701 | Orc:2    | Bought a scroll of magic mapping for 45 gold pieces
 10740 | Orc:2    | Found Ughuawyw's General Store.
 10743 | Orc:2    | Noticed an orc high priest
 10753 | Orc:2    | Killed an orc high priest
 10761 | Orc:2    | Bought a potion of might for 52 gold pieces
 10825 | Orc:2    | Reached ****** piety under Trog
 10865 | Orc:2    | Received a gift from Trog
 10955 | Orc:2    | Found a staircase to the Elven Halls.
 11014 | Orc:2    | Reached skill level 18 in Axes
 11403 | D:11     | Noticed a seven-headed hydra
 11411 | D:11     | Killed a three-headed hydra
 11490 | D:11     | Found a staircase to the Lair.
 11615 | D:11     | Found Voeg Feu's Book Emporium.
 11662 | D:11     | Got a translucent chain mail
 11673 | D:11     | Identified the +3 chain mail "Aguutill" {rC+} (You found it on level 11 of the Dungeon)
 11975 | D:11     | Reached XP level 13. HP: 93/93 MP: 13/13
 12059 | Lair:1   | Entered Level 1 of the Lair of Beasts
 13800 | Lair:3   | Received a gift from Trog
 14176 | Lair:3   | Reached skill level 19 in Axes
 14886 | Lair:4   | Reached skill level 5 in Armour
 15730 | Lair:5   | Found a staircase to the Swamp.
 15844 | Lair:5   | Received a gift from Trog
 16549 | Lair:6   | Found a staircase to the Snake Pit.
 16879 | Lair:6   | Reached XP level 14. HP: 92/103 MP: 14/14
 17441 | Lair:7   | Killed Kirke
 17966 | Lair:7   | Found a staircase to the Slime Pits.
 18138 | Lair:7   | Found a snail-covered altar of Cheibriados.
 18148 | Lair:7   | Received a gift from Trog
 18320 | Lair:8   | Entered Level 8 of the Lair of Beasts
 18652 | Lair:8   | Reached skill level 5 in Dodging
 18653 | Lair:8   | Reached skill level 20 in Axes
 18697 | Lair:8   | Received a gift from Trog
 19077 | Lair:8   | Gained mutation: You are mostly covered in yellow scales (AC +3). [demonic ancestry]
 19077 | Lair:8   | Reached XP level 15. HP: 99/112 MP: 15/15
 20328 | D:12     | Received a gift from Trog
 20353 | D:12     | Noticed striepan's ghost (journeyman MiGl)
 20364 | D:12     | Killed striepan's ghost
 20825 | D:13     | Found a gate to the Vaults.
 21137 | D:13     | Noticed herpmino's ghost (journeyman HuIE)
 21149 | D:13     | Killed herpmino's ghost
 21149 | D:13     | Received a gift from Trog
 21570 | D:14     | Got a pitted glass ring
 21572 | D:14     | Identified the ring of the Seven Ghosts {+Fly rC++} (You found it on level 14 of the Dungeon)
 21726 | D:14     | Reached skill level 21 in Axes
 21948 | D:14     | Gained mutation: You are dopey. (Int -2) [mutagenic meat]
 22188 | D:14     | Lost mutation: Your system is resistant to poisons. [mutagenic meat]
 22189 | D:14     | Gained mutation: Your system is resistant to poisons. [mutagenic meat]
 22190 | D:14     | Lost mutation: You are resistant to hostile enchantments. [mutagenic meat]
 22191 | D:14     | Gained mutation: Your movements are slightly less encumbered by armour (ER -2). [mutagenic meat]
 22193 | D:14     | Gained mutation: You tend to lose your temper in combat. [mutagenic meat]
 22593 | D:15     | Entered Level 15 of the Dungeon
 22658 | D:15     | Found a staircase to the Depths.
 22882 | D:15     | Gained mutation: You have a pair of large antennae on your head (SInv). [demonic ancestry]
 22882 | D:15     | Reached XP level 16. HP: 103/122 MP: 16/16
 22898 | D:15     | Received a gift from Trog
 22986 | D:15     | Reached skill level 10 in Fighting
 23382 | D:15     | Gained mutation: You are frail (-10% HP). [mutagenic meat]
 23383 | D:15     | Lost mutation: You are clumsy. (Dex -2) [mutagenic meat]
 23384 | D:15     | Lost mutation: You are frail (-10% HP). [mutagenic meat]
 23549 | Depths:1 | Entered Level 1 of the Depths
 23940 | Depths:1 | Found a one-way gate leading to the halls of Pandemonium.
 24091 | Depths:1 | Received a gift from Trog
 24104 | Depths:1 | Gained mutation: Your muscles are very strong. (Str +4) [mutagenic meat]
 24105 | Depths:1 | Lost mutation: You tend to lose your temper in combat. [mutagenic meat]
 24106 | Depths:1 | Lost mutation: You possess an exceptional clarity of mind. [mutagenic meat]
 24107 | Depths:1 | Lost mutation: Your system is resistant to poisons. [mutagenic meat]
 24108 | Depths:1 | Gained mutation: You are agile. (Dex +2) [mutagenic meat]
 24109 | Depths:1 | Lost mutation: You expend magic power (3 MP) to strengthen your wands. [mutagenic meat]
 24111 | Depths:1 | Gained mutation: You are very dopey. (Int -4) [mutagenic meat]
 24113 | Depths:1 | Lost mutation: Your spells are a little harder to cast, but a little more powerful. [mutagenic meat]
 24114 | Depths:1 | Gained mutation: You occasionally shout uncontrollably at your foes. [mutagenic meat]
 24115 | Depths:1 | Lost mutation: You are agile. (Dex +2) [mutagenic meat]
 24198 | Depths:1 | Found a gateway to Hell.
 24489 | Depths:2 | Noticed Zebura's ghost (adept OgBe)
 24776 | Swamp:1  | Entered Level 1 of the Swamp
 25027 | Swamp:1  | Reached skill level 10 in Armour
 25164 | Swamp:1  | Noticed Vasya666's ghost (adept DrTm)
 25186 | Swamp:1  | Killed Vasya666's ghost
 25633 | Swamp:2  | Noticed a thorn hunter
 25643 | Swamp:2  | Killed a thorn hunter
 25831 | Swamp:2  | Noticed Frances
 25838 | Swamp:2  | Killed Frances
 25915 | Swamp:2  | Received a gift from Trog
 25915 | Swamp:2  | Gained mutation: You are completely attuned to the shadows. [demonic ancestry]
 25915 | Swamp:2  | Reached XP level 17. HP: 129/131 MP: 17/17
 25920 | Swamp:2  | Got an ivory battleaxe {god gift}
 25923 | Swamp:2  | Identified the +13 battleaxe of False Accusations {chop, +Rage rElec rF+++ MP-9} (Trog gifted it to you on level 2 of the Swamp)
 26848 | Swamp:3  | Got a distressingly furry scale mail
 26859 | Swamp:3  | Identified the +4 scale mail "Mucvaf" {rCorr Int+6 Slay-5} (You found it on level 3 of the Swamp)
 27298 | Swamp:4  | Entered Level 4 of the Swamp
 27641 | Swamp:4  | HP: 1/131 [thorn hunter (14)]
 27646 | Swamp:4  | Killed from afar by a thorn hunter

Skill      XL: |  1  2  3  4  5  6  7  8  9 10 11 12 13 14 15 16 |
---------------+-------------------------------------------------+-----
Axes           | 3 4 5 6 7 9 11 13 15 16 18 19 20 21 | 21.8
Fighting       | 6 7 8 9 11 | 11.5
Armour         | 5 7 8 10 | 10.8
Dodging        | 3 5 6 8 |  8.6

Action                   |  1- 3 |  4- 6 |  7- 9 | 10-12 | 13-15 | 16-18 || total
-------------------------+-------+-------+-------+-------+-------+-------++-------
Melee: Hand axe          |   112 |   259 |   189 |       |       |       ||   560
       War axe           |       |       |   392 |   353 |       |       ||   745
       Scimitar          |       |       |       |     3 |       |       ||     3
       Battleaxe         |       |       |       |   317 |  1174 |   477 ||  1968
Invok: Berserk           |     1 |     4 |     9 |    23 |    11 |     5 ||    53
       Brothers in Arms  |       |       |       |     3 |       |       ||     3
       Trog's Hand       |       |       |       |     1 |       |       ||     1
       Burn Spellbooks   |       |       |       |     1 |     1 |       ||     2
 Abil: Evoke Flight      |       |       |       |       |       |     1 ||     1
Evoke: Wand              |       |       |       |       |       |     2 ||     2
  Use: Scroll            |       |       |     8 |     5 |    21 |     4 ||    38
       Potion            |       |       |       |       |       |     2 ||     2
 Stab: Sleeping          |     4 |       |       |       |       |       ||     4
  Eat: Chunk             |     1 |    15 |    24 |    49 |    61 |    29 ||   179
       Pizza             |       |     1 |       |       |       |     2 ||     3
       Royal jelly       |       |       |       |       |       |     2 ||     2
Armor: Animal skin       |    47 |    11 |       |       |       |       ||    58
       Scale mail        |       |    27 |       |       |       |       ||    27
       Plate armour      |       |   104 |   199 |       |       |       ||   303
       Chain mail        |       |       |    73 |   271 |   461 |   232 ||  1037
       Skin              |       |       |       |     1 |       |       ||     1
Dodge: Dodged            |    92 |   140 |   223 |   266 |   442 |   250 ||  1413
